 Dungeon Crawl Stone Soup version 0.29-a0-721-g7f417c9bbb (webtiles) character file.

Game seed: 2968676661933098002

506 zeratav the Skirmisher (level 6, 0/29 HPs)
             Began as a Spriggan Arcane Marksman on June 27, 2022.
             Was an Initiate of Dithmenos.
             Killed from afar by a white imp (7 damage)
             ... with a puff of frost
             ... on level 5 of the Dungeon.
             The game lasted 00:05:44 (6450 turns).

zeratav the Skirmisher (Spriggan Arcane Marksman)   Turns: 6450, Time: 00:05:45

Health: 0/29       AC:  2    Str:  6    XL:     6   Next: 97%
Magic:  9/9        EV: 17    Int: 14    God:    Dithmenos [......]
Gold:   198        SH:  0    Dex: 18    Spells: 6/7 levels left

rFire   . . .      SeeInvis +   a - +0 sling
rCold   . . .      Faith    .   (no shield)
rNeg    . . .      Spirit   .   c - +0 robe
rPois   .          Reflect  .   (helmet restricted)
rElec   .          Harm     .   (no cloak)
rCorr   .          Rampage  .   (gloves unavailable)
Will    +....                   (boots unavailable)
Stlth   ++........              (no amulet)
HPRegen 0.09/turn               (no ring)
MPRegen 0.11/turn               (no ring)

@: very quick
A: very small, no large weapons, unfitting armour, see invisible, speed 3
a: Renounce Religion


You were on level 5 of the Dungeon.
You worshipped Dithmenos.
Dithmenos was noncommittal.
You visited 2 branches of the dungeon, and saw 6 of its levels.

You collected 198 gold pieces.


Innate Abilities, Weirdness & Mutations

You are very small and have problems with some larger weapons.
You are too small for most types of armour.
You have supernaturally acute eyesight. (SInv)
You cover ground extremely quickly. (Speed+++)


   Skills:
 - Level 0.7 Fighting
 + Level 9.1 Ranged Weapons
 - Level 2.6 Dodging
 - Level 1.3 Spellcasting
 - Level 3.6 Hexes


You had 6 spell levels left.
You knew the following spells:

 Your Spells              Type           Power      Damage    Failure   Level
a - Slow                  Hex            44%        N/A       6%          1

Your spell library contained the following spells:

 Spells                   Type           Power      Damage    Failure   Level
 Confusing Touch          Hex            11%        N/A       17%         3
 Inner Flame              Hex/Fire       6%         N/A       36%         3
 Portal Projectile        Hex/Tloc       12%        N/A       36%         3
 Cause Fear               Hex            5%         N/A       50%         4
 Gell's Gravitas          Tloc           0%         N/A       58%         3
 Lesser Beckoning         Tloc           0%         N/A       58%         3
 Teleport Other           Tloc           0%         N/A       58%         3
 Vampiric Draining        Necr           0%         2d6       58%         3

Inventory:

Hand Weapons
 a - a +0 sling (weapon)
Armour
 c - a +0 robe (worn)
Wands
 i - a wand of flame (53)
   (You took it off Natasha on level 2 of the Dungeon)
 u - a wand of paralysis (8)
   (You found it on level 4 of the Dungeon)
Scrolls
 b - a scroll of vulnerability {!r!r}
 d - 5 scrolls of identify {unknown}
 g - a scroll of enchant weapon {unknown}
 k - a scroll of summoning {unknown}
 l - a scroll of fog {unknown}
 n - a scroll of immolation {unknown}
 r - a scroll of silence {unknown}
 s - a scroll of teleportation {unknown}
 t - a scroll of magic mapping {unknown}
Potions
 e - 2 potions of haste {unknown}
 f - a potion of flight {unknown}
 h - a potion of might {unknown}
 j - a potion of magic {unknown}
 m - a potion of brilliance {unknown}
 o - a potion of curing {unknown}
 p - 2 potions of mutation {unknown}
 q - a potion of berserk rage {unknown}

Dungeon Overview and Level Annotations

Branches:
Dungeon (5/15) Zot: 25037  Temple (1/1) D:4 Zot: 5856

Altars:
Ashenzari
Cheibriados
Dithmenos
Elyvilon
Fedhas
Gozag
Hepliaklqana
Kikubaaqudgha
Makhleb
Nemelex Xobeh
Okawaru
Qazlal
Ru
Sif Muna
Trog
Uskayaw
Vehumet
Wu Jian
Xom
Yredelemnul
Zin
The Shining One

Annotations:
D:3 Grinder

#...........#
#...g........
#...........#
..##...g.......#
................
..###...........
# #.........#
#.........#
#..@.......
#...........
#.....#......
...............
.......#5#....#
......# s.....#
....<. .#...##
.....# .# #..


You could see a gnoll shaman, a scorpion (wandering), a gnoll and a white imp.


Message History

No target in view!
No target in view!
A hound is nearby!
You shoot a sling bullet. The sling bullet hits the hound.
You shoot a sling bullet.
The sling bullet hits the hound but does no damage.
You shoot a sling bullet.
The sling bullet hits the hound but does no damage.
You shoot a sling bullet.
The sling bullet closely misses the hound.
You shoot a sling bullet. The sling bullet hits the hound!
The hound bites you. The hound barely misses you.
HP[-1]
You take 1 damage, and now have 28/29 hp.
You shoot a sling bullet. The sling bullet misses the hound.
The hound bites you.
HP[-5]
You take 5 damage, and now have 23/29 hp.
You shoot a sling bullet.
The sling bullet closely misses the hound.
The hound misses you. The hound bites you.
HP[-1]
You take 1 damage, and now have 22/29 hp.
You shoot a sling bullet. The sling bullet hits the hound.
You kill the hound!
Dithmenos accepts your kill.
No target in view!
No target in view!
Done exploring.
HP[+7]
Your hp is fully restored (29).
Done exploring.
Done exploring.
(D) Dungeon (T) Temple
Where to? (Enter - D:4, ? - help)
There is a stone staircase leading down here.
You climb downwards.
The gnoll shouts! x3
There is a stone staircase leading up here.
There are monsters nearby!
You shoot a sling bullet. The sling bullet hits the gnoll.
Found a stone staircase leading down.
You shoot a sling bullet.
The sling bullet closely misses the gnoll.
You shoot a sling bullet. The sling bullet hits the gnoll.
The gnoll hits you from afar with a +0 spear.
HP[-5]
You take 5 damage, and now have 24/29 hp.
You shoot a sling bullet. The sling bullet hits the gnoll.
You kill the gnoll!
Dithmenos accepts your kill.
HP[+1]
You shoot a sling bullet. The sling bullet hits the gnoll!
You shoot a sling bullet.
The sling bullet hits the gnoll shaman but does no damage.
You see here a +0 robe.
You shoot a sling bullet. The sling bullet hits the gnoll shaman!
The gnoll completely misses you.
The gnoll hits you from afar with a +0 spear!
HP[-9]
You take 9 damage, and now have 16/29 hp.
MASSIVE DAMAGE!! (PAUSE) HP[+1]
You shoot a sling bullet. The sling bullet hits the gnoll.
You shoot a sling bullet. The sling bullet hits the gnoll.
The gnoll hits you from afar with a +0 spear.
* * * LOW HITPOINT WARNING * * *
The gnoll shaman calls upon its god to heal something.
HP[-3]
You take 3 damage, and now have 14/29 hp.
The gnoll shaman calls upon its god to heal the gnoll.
The gnoll's wounds heal themselves!
You are too injured to fight recklessly!
You are too injured to fight recklessly!
Fire: a) +0 sling
Press: ? - help, Q - select action, (/) - cycle Shift-Dir - straight line, f/p - gnoll
Aim: a gnoll, wielding a +0 spear (moderately wounded, 66% to hit)
You shoot a sling bullet.
The sling bullet hits the gnoll but does no damage.
Fire: a) +0 sling
Press: ? - help, Q - select action, (/) - cycle Shift-Dir - straight line, f/p - gnoll
Aim: a gnoll, wielding a +0 spear (moderately wounded, 66% to hit)
You shoot a sling bullet. The sling bullet hits the gnoll.
Fire: a) +0 sling
Press: ? - help, Q - select action, (/) - cycle Shift-Dir - straight line, f/p - gnoll
Aim: a gnoll, wielding a +0 spear (heavily wounded, 66% to hit)
You shoot a sling bullet.
The sling bullet hits the gnoll but does no damage.
The gnoll hits you from afar with a +0 spear!
* * * LOW HITPOINT WARNING * * *
HP[-8]
You take 8 damage, and now have 6/29 hp.
MASSIVE DAMAGE!! (PAUSE)
A scorpion and a white imp come into view.
The white imp shouts!
The scorpion moves out of view.
Found a stone staircase leading up.
The white imp gestures at you. The puff of frost hits you!
You die...

Skill      XL: |  1  2  3  4  5  6 |
---------------+-------------------+-----
Ranged Weapons | 3 4 5 6 7 9 |  9.1
Fighting       | |  0.7
Dodging        | |  2.6
Spellcasting   | |  1.3
Hexes          | |  3.6

Action                   |  1- 3 |  4- 6 || total
-------------------------+-------+-------++-------
 Fire: Sling             |   102 |   318 ||   420
 Cast: Slow              |       |     5 ||     5
Armor: Robe              |     6 |     9 ||    15
Dodge: Dodged            |    47 |   120 ||   167

Levels and vault maps discovered:
D:1:      dpeg_arrival_line_fractal, layout_basic, basic_ecumenical_altar
D:2:      layout_loops_ring, uniq_natasha
D:3:      layout_basic, uniq_robin, uniq_grinder, uniq_jessica
D:4:      nicolae_cairo_tiling_large, layout_loops_ring,
          minmay_overflow_temple_star_hex, minmay_temple_entry_butterflies,
          serial_co_window_serial, co_window_paths_a, co_window_corner_a,
          co_window_corner_a, co_window_paths_b, co_window_corner_a,
          co_window_broadway_c, co_window_2corner, co_window_of_opportunity_c,
          co_window_paths_d, glass_columns_a, glass_columns_a, glass_columns_b
D:5:      layout_rooms, uniq_pikel
Temple:   bh_familiar_temple

Notes
Turn   | Place    | Note
-------+----------+-------------------------------------------
     0 | D:1      | zeratav the Spriggan Arcane Marksman began the quest for
                  | the Orb.
     0 | D:1      | Reached XP level 1. HP: 9/9 MP: 3/3
     0 | D:1      | magus.rc [v1.9.6]
    63 | D:1      | Reached skill level 3 in Ranged Weapons
   169 | D:1      | Reached XP level 2. HP: 14/14 MP: 5/5
   425 | D:1      | Reached skill level 4 in Ranged Weapons
   751 | D:2      | Reached XP level 3. HP: 17/17 MP: 6/6
   766 | D:2      | HP: 2/17 [gnoll/+0 spear (8)]
  1089 | D:2      | Reached skill level 5 in Ranged Weapons
  1093 | D:2      | Reached XP level 4. HP: 21/21 MP: 7/7
  1115 | D:2      | Noticed Natasha
  1119 | D:2      | Killed Natasha
  1224 | D:2      | You pick up a book of Displacement and begin reading...
  1224 | D:2      | You add the spells Lesser Beckoning, Gell's Gravitas and
                  | Teleport Other to your library.
  1279 | D:2      | Noticed Natasha
  1287 | D:2      | HP: 4/21 [Natasha (5)]
  1288 | D:2      | Killed Natasha
  1289 | D:2      | Reached skill level 6 in Ranged Weapons
  1493 | D:2      | Noticed Natasha
  1499 | D:2      | Killed Natasha
  1500 | D:2      | Reached XP level 5. HP: 21/25 MP: 8/8
  2062 | D:3      | Noticed Grinder
  2101 | D:3      | Noticed Jessica
  2104 | D:3      | Killed Jessica
  2421 | D:3      | You pick up a book of Debilitation and begin reading...
  2421 | D:3      | You add the spells Vampiric Draining and Confusing Touch to
                  | your library.
  2469 | D:3      | Reached skill level 7 in Ranged Weapons
  3003 | D:3      | Paralysed by Grinder for 2 turns
  3288 | D:3      | Identified the +5 flail "Nyxzuoh" {drain, rPois rCorr MP+9
                  | Str-2 Stlth+}
  3538 | D:3      | Noticed Robin
  3561 | D:3      | Killed Robin
  3607 | D:3      | Reached XP level 6. HP: 21/29 MP: 9/9
  3997 | D:4      | Found a staircase to the Ecumenical Temple.
  4045 | Temple   | Entered the Ecumenical Temple
  4249 | Temple   | Became a worshipper of Dithmenos the Shadowed
  4429 | D:4      | Reached skill level 8 in Ranged Weapons
  5316 | D:4      | Found a sacrificial altar of Ru.
  5321 | D:4      | Found a hide-covered altar of Uskayaw.
  5321 | D:4      | Found an opulent altar of Gozag.
  5334 | D:4      | Found a sparkling altar of Nemelex Xobeh.
  5337 | D:4      | Found a basalt altar of Yredelemnul.
  6244 | D:4      | Reached skill level 9 in Ranged Weapons
  6411 | D:5      | Entered Level 5 of the Dungeon
  6446 | D:5      | HP: 6/29 [gnoll/+0 spear[a gnoll shaman] (8)]
  6450 | D:5      | Killed from afar by a white imp

Vanquished Creatures
  A scorpion (D:4)
  3 hounds (D:4)
  An orc priest (D:3)
  An iguana (D:4)
  Jessica (D:3)
  Natasha (thrice) (D:2)
  An orc wizard (D:3)
  Robin (D:3)
  5 gnolls
  3 adders
  A worm (D:4)
  2 dart slugs
  7 orcs
  8 bats
  4 endoplasms
  2 giant cockroaches
  13 goblins
  11 hobgoblins
  2 jackals (D:3)
  2 quokkas
  2 ball pythons (D:1)
  2 frilled lizards
  11 kobolds
  2 rats
89 creatures vanquished.

Table legend:
 A = Non-vault XP
 B = Vault XP
 C = Vault XP percentage of total XP
 D = Non-vault monster count
 E = Vault monster count
 F = Vault count percentage of total count
                 A         B        C        D         E       F
            +---------+---------+-------+---------+---------+-------
      Total |     618 |     106 |  14.6 |      75 |      14 |  15.7
            +---------+---------+-------+---------+---------+-------
        D:1 |      38 |       0 |   0.0 |      21 |       0 |   0.0
        D:2 |     152 |      35 |  18.7 |      15 |       1 |   6.2
        D:3 |     139 |      71 |  33.8 |      22 |      13 |  37.1
        D:4 |     275 |       0 |   0.0 |      16 |       0 |   0.0
        D:5 |      14 |       0 |   0.0 |       1 |       0 |   0.0
            +---------+---------+-------+---------+---------+-------

Illustrated notes

Table legend:
 A = Kills in this place as a percentage of kills in entire the game.
 B = Kills by you in this place as a percentage of kills by you in the entire game.
 C = Kills by friends in this place as a percentage of kills by friends in the entire game.
 D = Other kills in this place as a percentage of other kills in the entire game.
 E = Experience gained in this place as a percentage of experience gained in the entire game.
 F = Experience gained in this place divided by the number of levels of this place that you have seen.
                   A       B       C       D       E      F
               +-------+-------+-------+-------+-------+----------------------
         Total | 100.0 | 100.0 |   N/A |   N/A | 100.0 | 120.7
       Dungeon | 100.0 | 100.0 |   N/A |   N/A | 100.0 | 144.8
               +-------+-------+-------+-------+-------+----------------------

Table legend: (Time is in decaauts)
 A = Elapsed time spent in this place.
 B = Non-inter-level travel time spent in this place.
 C = Inter-level travel time spent in this place.
 D = Time resting spent in this place.
 E = Time spent auto-exploring this place.
 F = Levels seen in this place.
 G = Mean time per level.
                   A        B        C        D        E       F      G
               +--------+--------+--------+--------+--------+-----+--------+
         Total |   5105 |   4918 |    187 |   1061 |   3128 |   6 |  850.8 |
       Dungeon |   4961 |   4809 |    152 |   1061 |   3022 |   5 |  992.2 |
        Temple |    143 |    109 |     34 |      0 |    106 |   1 |  143.0 |
               +--------+--------+--------+--------+--------+-----+--------+

Top non-repeatable levels by time:
     D:4: 1801 daAuts
     D:3: 1225 daAuts
     D:2: 1119 daAuts
     D:1: 788 daAuts
  Temple: 143 daAuts
     D:5: 27 daAuts
